Map: King's Cove LE

Players

PeLLy - Winner!

  • Race: Zerg Zerg
  • League: Diamond
  • Spawn Location: 5:00

TotalFail

  • Race: Terran Terran
  • League: Diamond
  • Spawn Location: 11:00

VOD

Have the link to the VOD?

Description

Time

  • Played on: Aug. 17, 2019, 2:25 p.m.
  • Length: 19:15
Show
View Real Time Build Order
Export as new Build Order

PeLLy Zerg - Winner!

Build Orders: Hatch First 

Get SALT Encoding   

  12  0:01  Drone  
  13  0:14  Overlord  
  13  0:29  Drone  
  13  0:34  Drone x2  
  16  0:48  Drone  
  17  1:18  Hatchery  
  17  1:19  Spawning Pool  
  17  1:20  Drone x2, Extractor  
  17  1:23  Drone  
  17  1:32  Drone  
  18  1:45  Drone  
  19  1:53  Overlord  
  19  2:08  Zergling x2  
  20  2:15  Drone  
  21  2:23  Queen  
  21  2:25  Zergling x2  
  24  2:31  Zergling x2  
  25  2:41  Zergling x2  
  25  2:48  Zergling x4  
  26  3:00  Queen  
  26  3:02  Drone  
  26  3:03  Drone x2  
  30  3:15  Drone x2  
  31  3:27  Drone x2  
  31  3:30  Queen  
  35  3:36  Metabolic Boost  
  35  3:43  Drone  
  35  3:44  Overlord x2  
  36  3:56  Hatchery  
  36  4:01  Drone  
  36  4:04  Drone, Overlord x2  
  37  4:12  Drone  
  37  4:13  Drone x3  
  41  4:19  Drone x2  
  41  4:21  Spore Crawler  
  42  4:30  Spore Crawler  
  41  4:40  Roach Warren  
  41  4:41  Zergling x2  
  41  4:42  Zergling x14  
  48  4:51  Drone  
  49  4:54  Drone x2  
  49  4:57  Extractor x2  
  49  4:58  Lair  
  49  5:01  Drone  
  49  5:05  Evolution Chamber  
  49  5:06  Extractor  
  48  5:08  Drone x4  
  52  5:17  Drone  
  52  5:18  Drone x2  
  52  5:21  Drone x2  
  57  5:30  Drone  
  58  5:39  Drone x6  
  54  5:56  Roach x4, Evolution Chamber  
  61  5:59  Evolution Chamber  
  61  6:00  Roach x2  
  64  6:04  Queen  
  66  6:19  Evolution Chamber  
  66  6:21  Overlord x4  
  66  6:24  Extractor, Queen  
  66  6:26  Extractor  
  65  6:33  Queen  
  65  6:34  Spine Crawler  
  65  6:36  Spine Crawler  
  65  6:51  Zerg Missile Weapons Level 1  
  65  6:55  Drone x10  
  65  6:56  Evolution Chamber  
  74  7:06  Spore Crawler  
  73  7:19  Roach  
  73  7:20  Roach x6  
  87  7:24  Zerg Melee Weapons Level 1  
  87  7:26  Glial Reconstitution  
  87  7:30  Overlord  
  78  7:47  Drone x7  
  78  8:02  Drone x5  
  78  8:03  Drone  
  83  8:12  Drone x3  
  86  8:33  Zerg Ground Armor Level 1  
  86  8:40  Spire  
  85  8:44  Ravager  
  85  8:45  Ravager x6  
  89  9:07  Hatchery  
  83  9:19  Roach x9  
  83  9:20  Roach x4  
  100  9:41  Roach x3  
  106  10:00  Overlord  
  106  10:01  Overlord x3  
  106  10:05  Ravager  
  106  10:06  Ravager x3  
  95  10:27  Roach  
  95  10:28  Roach x18  
  133  10:34  Ravager x3  
  136  10:41  Roach x4  
  144  10:44  Overlord  
  135  11:03  Queen x3  
  114  11:11  Hydralisk Den  
  114  11:18  Spore Crawler  
  99  11:29  Spore Crawler  
  99  11:30  Corruptor x3  
  97  11:33  Spore Crawler  
  97  11:39  Queen  
  82  12:10  Corruptor x5  
  86  12:19  Corruptor  
  82  12:33  Drone x5  
  82  12:34  Drone x2  
  79  12:44  Hydralisk x2  
  71  13:07  Corruptor x3  
  77  13:16  Drone x3  
  77  13:18  Infestation Pit  
  79  13:42  Hydralisk x6  
  79  13:43  Hydralisk  
  93  13:54  Drone x5  
  93  13:55  Drone  
  101  14:07  Drone x3  
  104  14:14  Baneling Nest  
  104  14:16  Zergling x8  
  107  14:24  Zerg Melee Weapons Level 2  
  107  14:27  Hive  
  107  14:29  Grooved Spines  
  105  14:39  Drone x7  
  105  14:42  Extractor  
  105  14:43  Extractor  
  110  14:58  Queen x2  
  110  14:59  Hydralisk  
  114  15:00  Hydralisk  
  114  15:06  Zerg Missile Weapons Level 2  
  118  15:12  Roach x3  
  124  15:23  Pathogen Glands  
  124  15:26  Centrifical Hooks  
  124  15:30  Drone x7  
  124  15:34  Extractor  
  125  15:52  Drone  
  125  15:53  Drone x5  
  131  16:08  Overlord x2  
  131  16:09  Overlord x2  
  131  16:12  Greater Spire  
  131  16:13  Hatchery  
  130  16:18  Muscular Augments  
  130  16:20  Zergling x10  
  130  16:22  Hatchery  
  134  16:26  Baneling x8  
  134  16:40  Overseer  
  134  16:42  Overseer x3  
  134  16:48  Roach x9  
  152  17:09  Baneling  
  152  17:10  Baneling x9  
  152  17:25  Brood Lord x3  
  152  17:26  Brood Lord x6  
  152  17:27  Brood Lord  
  172  17:31  Brood Lord  
  169  17:50  Corruptor x5  
  173  18:06  Corruptor  
  173  18:07  Corruptor x2  
  179  18:16  Overlord x3  
  179  18:45  Brood Lord  
Show
View Real Time Build Order
Export as new Build Order

TotalFail Terran 

Build Orders:  

Get SALT Encoding   

  12  0:00  SCV  
  13  0:12  SCV  
  14  0:18  Supply Depot  
  14  0:24  SCV  
  15  0:40  Refinery, SCV  
  16  0:49  Barracks  
  16  0:54  SCV  
  17  1:06  SCV  
  17  1:11  Engineering Bay  
  18  1:18  SCV  
  18  1:24  Supply Depot  
  19  1:36  Reaper  
  19  1:38  Orbital Command  
  19  1:46  Refinery  
  19  2:04  SCV, Supply Depot  
  20  2:11  Factory  
  20  2:28  Barracks Reactor  
  20  2:33  SCV  
  21  2:45  SCV  
  22  3:09  SCV  
  22  3:37  Command Center  
  22  3:38  Factory  
  22  3:40  Armory  
  23  3:41  Factory  
  23  3:42  Marine x2  
  24  3:51  Factory Tech Lab  
  24  4:00  Command Center  
  24  4:01  SCV  
  25  4:08  Marine  
  26  4:14  SCV  
  27  4:17  Infernal Pre-Igniter  
  27  4:24  Factory Reactor  
  27  4:36  SCV  
  28  4:42  Starport  
  28  4:43  Factory Reactor  
  28  4:47  Hellion  
  28  4:52  SCV  
  31  5:05  Hellion  
  31  5:06  Hellion  
  35  5:08  Hellion  
  37  5:18  Starport Reactor  
  37  5:20  Hellion  
  39  5:24  Hellion  
  39  5:27  Hellion x2  
  45  5:31  Orbital Command  
  45  5:35  SCV  
  46  5:43  Orbital Command  
  45  5:52  SCV  
  45  5:54  Liberator  
  46  5:59  SCV  
  46  6:01  Supply Depot  
  46  6:02  Liberator, Supply Depot  
  47  6:06  SCV  
  47  6:11  Supply Depot  
  51  6:19  SCV  
  51  6:22  SCV  
  51  6:23  SCV  
  57  6:32  SCV  
  58  6:33  Refinery x2, Marine  
  58  6:34  SCV  
  58  6:35  Marine  
  61  6:42  SCV  
  61  6:44  Refinery, SCV  
  61  6:46  Widow Mine  
  65  6:47  Widow Mine  
  65  6:48  Liberator  
  65  6:50  SCV  
  68  6:54  SCV  
  68  6:56  Refinery, SCV  
  70  7:02  SCV  
  70  7:06  SCV  
  70  7:08  SCV, Marine x2  
  77  7:15  SCV  
  79  7:19  SCV  
  79  7:20  SCV  
  79  7:22  Terran Vehicle And Ship Armor Level 1  
  81  7:23  Drilling Claws  
  81  7:27  SCV  
  82  7:31  SCV  
  82  7:32  SCV  
  82  7:39  SCV  
  82  7:43  SCV  
  72  7:57  SCV x3  
  67  8:06  Starport  
  67  8:07  Starport  
  67  8:09  SCV x3  
  67  8:10  Starport, Armory  
  67  8:11  Fusion Core  
  67  8:21  SCV x3  
  67  8:26  Command Center  
  70  8:28  Widow Mine x3  
  70  8:29  Widow Mine  
  70  8:30  Widow Mine  
  70  8:33  SCV x3  
  83  8:44  Starport Tech Lab  
  83  8:45  SCV x3, Starport Tech Lab  
  86  8:50  Widow Mine x3  
  86  8:54  Factory  
  92  8:57  SCV  
  92  8:59  SCV  
  93  9:03  SCV  
  93  9:09  SCV  
  81  9:11  SCV  
  81  9:15  SCV  
  73  9:21  SCV  
  73  9:23  SCV  
  65  9:27  SCV  
  59  9:33  SCV  
  59  9:35  SCV  
  59  9:37  Battlecruiser x2  
  66  9:38  Starport Tech Lab  
  66  9:39  SCV  
  60  9:46  SCV  
  60  9:47  SCV  
  60  9:50  Factory Tech Lab  
  60  9:51  SCV  
  61  9:58  SCV  
  61  9:59  SCV, Marine x2  
  63  10:03  SCV  
  63  10:10  SCV  
  63  10:12  SCV  
  65  10:15  SCV  
  59  10:22  SCV  
  59  10:25  Siege Tank  
  59  10:27  Orbital Command  
  52  10:41  Battlecruiser  
  54  10:58  SCV  
  53  11:15  SCV  
  53  11:17  Supply Depot  
  53  11:23  SCV x2  
  52  11:26  Supply Depot x2  
  52  11:28  Supply Depot  
  51  11:39  SCV x2  
  53  11:48  SCV, Siege Tank  
  60  12:00  SCV  
  60  12:04  Orbital Command  
  60  12:12  SCV  
  46  12:30  Viking  
  46  12:35  Engineering Bay  
  49  12:38  Barracks x3  
  49  12:41  Barracks  
  49  12:46  SCV  
  49  12:47  SCV  
  47  12:58  SCV  
  48  12:59  SCV  
  48  13:04  Viking  
  51  13:10  SCV  
  52  13:18  Barracks x2, SCV  
  53  13:22  SCV  
  53  13:26  Marine x3  
  57  13:29  Starport  
  57  13:37  Orbital Command  
  57  13:53  Supply Depot x2  
  57  13:57  Barracks Tech Lab  
  57  13:59  Barracks Tech Lab  
  57  14:15  SCV, Medivac, Marine x2  
  62  14:19  Stimpack  
  62  14:24  Marine  
  63  14:42  Supply Depot  
  63  14:45  Supply Depot  
  63  15:03  Medivac, Marine x5  
  63  15:04  SCV  
  63  15:05  Supply Depot  
  71  15:10  Combat Shield  
  71  15:11  Supply Depot  
  71  15:15  Refinery  
  71  15:21  Marine x5  
  76  15:49  Hellbat x3  
  82  15:50  Marine x2  
  84  15:58  Medivac  
  84  16:00  Marine  
  84  16:04  Marine  
  88  16:10  Marine x2  
  88  16:11  Hellbat  
  92  16:14  Supply Depot  
  92  16:18  Marine  
  93  16:22  Supply Depot  
  93  16:26  Terran Infantry Weapons Level 1  
  93  16:35  Hellbat  
  93  16:36  Hellbat, Liberator  
  97  16:43  Supply Depot  
  99  17:02  Marine  
  99  17:03  Marine x4  
  104  17:14  Siege Tank  
  92  17:47  Marine  
  92  17:48  Marine x4  
  81  18:05  Marine  
  70  18:23  Marine x5  
  75  18:31  Siege Tank  
  77  18:41  Marine  
Tags
 
Add a new tag
Caveats
  • Supply blocks, unpowered buildings, or Contaminate may cause inaccurate times.
  • Supply counts are checked every 10 seconds.